 Dungeon Crawl Stone Soup version 0.29-a0-486-ga88943ba61 (webtiles) character file.

Game seed: 16650006080565207740

18470 Morbidden the Grappler (level 12, -3/115 HPs)
             Began as a Troll Fighter on May 26, 2022.
             Was the Champion of Jiyva.
             Slain by Snorg (18 damage)
             ... on level 3 of the Lair of Beasts.
             The game lasted 00:17:19 (10664 turns).

Morbidden the Grappler (Troll Fighter)             Turns: 10664, Time: 00:17:19

Health: -3/115     AC:  7    Str: 27    XL:     12   Next: 28%
Magic:  11/16      EV: 15    Int:  8    God:    Jiyva [******]
Gold:   1188       SH:  5    Dex:  9    Spells: 16/18 levels left

rFire   . . .      SeeInvis .     - Unarmed
rCold   . . .      Faith    .   (no shield)
rNeg    . . .      Spirit   .   v - +2 robe {Archmagi}
rPois   +          Reflect  +   (helmet restricted)
rElec   .          Harm     .   D - +0 cloak of the Morning Star {rPois Stlth+}
rCorr   +          Rampage  .   (gloves unavailable)
Will    ++...      Archmagi +   (boots unavailable)
Stlth   +++....... Clarity  +   b - amulet of reflection
HPRegen 2.69/turn               l - +4 ring of evasion
MPRegen 0.65/turn               I - ring of wizardry

@: slimy, studying Fighting
A: large, unfitting armour, claws 3, regeneration 1, shaggy fur 1, tough skin 1,
antennae 1, clarity, strong-willed 2, passive freeze, wild magic 2, acidic bite,
evolution 2, tendrils, jelly sensing items, jelly absorbing missiles
a: Renounce Religion, Oozemancy, Slimify


You were on level 3 of the Lair of Beasts.
You worshipped Jiyva.
Jiyva was exalted by your worship.
You visited 2 branches of the dungeon, and saw 14 of its levels.
You also visited: Bailey.

You collected 1188 gold pieces.

Inventory:

Missiles
 a - 14 curare-tipped darts
 j - 27 poisoned darts
 t - a throwing net
 y - 3 silver javelins
 A - 21 boomerangs (quivered)
 M - 2 javelins
Armour
 i - a +2 robe of cold resistance
 v - a +2 robe of the Archmagi (worn)
 x - a +2 cloak
 D - the +0 cloak of the Morning Star (worn) {rPois Stlth+}
   (You found it in a bailey)

   rPois:     It protects you from poison.
   Stlth:     It makes you more stealthy.
Magical Staves
 r - a staff of death
Jewellery
 b - an amulet of reflection (around neck)
 l - a +4 ring of evasion (left claw)
 w - a ring of ice
 H - an amulet of magic regeneration
 I - a ring of wizardry (right claw)
 K - an amulet of faith
 L - a ring of wizardry
Wands
 F - a wand of digging (6)
Scrolls
 d - 3 scrolls of enchant armour
 e - a scroll of amnesia
 g - a scroll of vulnerability
 k - 2 scrolls of noise
 o - 3 scrolls of immolation
 p - 4 scrolls of teleportation
 q - a scroll of silence
 s - 4 scrolls of identify
 z - a scroll of enchant weapon
 N - a scroll of fog
Potions
 c - a potion of might
 f - 3 potions of brilliance
 h - 2 potions of attraction {unknown}
 m - a potion of degeneration
 n - a potion of haste {unknown}
 u - 4 potions of curing
 B - 2 potions of lignification
 C - a potion of mutation {unknown}
 E - a potion of ambrosia {unknown}
 G - 2 potions of flight
 J - a potion of resistance {unknown}


   Skills:
 * Level 6.7 Fighting
 * Level 3.3 Throwing
 * Level 7.6 Dodging
 + Level 1.9 Stealth
 * Level 6.3 Shields
 * Level 14.1 Unarmed Combat
 * Level 3.9 Spellcasting
 * Level 0.5 Fire Magic


You had 16 spell levels left.
You knew the following spells:

 Your Spells              Type           Power      Damage    Failure   Level
a - Scorch                Fire           10%        2d6       24%         2

Your spell library contained the following spells:

 Spells                   Type           Power      Damage    Failure   Level
 Flame Wave               Conj/Fire      4%         2d5       78%         4
 Summon Cactus Giant      Summ           1%         N/A       100%        6


Dungeon Overview and Level Annotations

Branches:
Dungeon (11/15)            Temple (0/1) D:4            Lair (3/6) D:9
 Spider (0/4) Lair:2          Orc (0/2) D:10         Bailey (visited)
  Swamp: Lair:2-4    Shoals: Lair:2-4

Altars:
Ashenzari
Cheibriados
Elyvilon
Fedhas
Gozag
Hepliaklqana
Okawaru
Qazlal
Ru
Sif Muna
Trog
Uskayaw
Zin
Jiyva

Annotations:
Lair:3 Snorg


Innate Abilities, Weirdness & Mutations

You are too large for most types of armour.
You have claws for hands.
Your natural rate of healing is unusually fast.
You are covered in fur. (AC +1)
You have tough skin. (AC +1)
You have a pair of small antennae on your head.
You possess an exceptional clarity of mind.
You are highly strong-willed. (Will++)
A frigid envelope surrounds you and freezes all who hurt you.
Your spells are harder to cast, but more powerful.
You have acidic saliva.
You have great hidden genetic potential.
You are covered in slimy tendrils that may disarm your opponents.
You have a small jelly attached to you that senses nearby items.
You have a small jelly attached to you that may absorb projectiles.


Message History

Snorg is very cold.
Snorg is heavily wounded.
Unknown command.
You scratch Snorg but do no damage.
Snorg is heavily wounded.
You block Snorg's attack. Snorg barely misses you. Snorg closely misses you.
Snorg bites you!!
Snorg is very cold.
Snorg is heavily wounded.
You block Snorg's attack. Snorg claws you.
Snorg is very cold.
Snorg is heavily wounded.
You are too injured to fight recklessly!
Unknown command.
Unknown command.
You closely miss Snorg.
Snorg is heavily wounded.
Snorg bites you but does no damage.
Snorg is very cold.
Snorg is heavily wounded.
Snorg claws you!
Snorg is very cold.
Snorg is heavily wounded.
Snorg barely misses you.
Unknown command.
You mangle Snorg!!
Snorg is severely wounded.
Snorg bites you!
* * * LOW HITPOINT WARNING * * *
Snorg is very cold.
Snorg is severely wounded.
Snorg claws you!!
* * * LOW HITPOINT WARNING * * *
Snorg is very cold.
Snorg is almost dead.
Snorg barely misses you.
Unknown command.
Okay, then.
Okay, then.
Unknown command.
Unknown command.
A thick mucus forms on your claws. Snorg bites you!!
You die...

###......##
##.P.......#
###..........##
#.............#
.............
...........
.....J.TP#
.......@###
........#.#
.........# ####
........## #..####
#........## #...#.#
#.........###.....#
###.......##......#
##......#.......#
#.....#.#......#


You could see Snorg (berserk) and a neutral jelly (wandering) (fellow slime).

Vanquished Creatures
  Fannar (D:10)
  A boulder beetle (D:11)
  A hydra (Lair:1)
  2 two-headed ogres (D:11)
  Nergalle (D:11)
  Amaemon (D:11)
  2 oklob plants (Lair:2)
  2 ugly things (D:11)
  An orange demon (D:11)
  3 cane toads (Lair:3)
  Psyche (D:9)
  2 komodo dragons
  A polar bear (Lair:2)
  A hornet (D:9)
  7 blink frogs (Lair:1)
  5 wyverns
  A vampire (D:10)
  A wraith (D:9)
  12 yaks
  A basilisk (Lair:1)
  4 steam dragons
  6 water moccasins
  2 two-headed ogre zombies (D:10)
  7 orc warriors
  3 black bears
  2 ice beasts
  A sky beast (D:6)
  2 ogres
  4 centaurs
  5 wolves (Lair:2)
  3 phantoms (D:10)
  9 kobold brigands
  6 bullfrogs
  2 necrophages
  8 scorpions
  2 wights (D:10)
  A troll zombie (D:10)
  7 killer bees
  4 electric eels (Lair:3)
  2 howler monkeys (D:10)
  3 hounds
  A gnoll shaman (D:6)
  7 iguanas
  An iron imp (D:5)
  7 orc wizards
  5 ogre zombies (D:10)
  10 gnolls
  5 adders
  A shadow imp (D:5)
  2 white imps
  4 worms
  2 dart slugs (D:3)
  13 orcs
  12 ball pythons
  3 bats
  4 endoplasms (D:1)
  9 giant cockroaches
  10 goblins
  9 hobgoblins
  2 jackals (D:2)
  21 kobolds
  3 quokkas
  6 frilled lizards (D:1)
  A hobgoblin zombie (D:10)
  4 orc skeletons (D:10)
  19 orc zombies (D:10)
  7 rats
298 creatures vanquished.

Vanquished Creatures (collateral kills)
  An ogre (D:4)
  An adder (D:4)
  A jackal (D:4)
  2 ball pythons (D:4)
  2 kobolds (D:4)
7 creatures vanquished.

Vanquished Creatures (others)
  A troll (D:11)
  A yak (Lair:3)
  A water moccasin (D:7)
  A centaur (D:10)
  A bullfrog (D:9)
  2 wights (D:10)
  A hound (D:4)
  2 orc priests
  33 jellies
  An iguana (D:7)
  5 orc wizards
  A shadow imp (D:8)
  A white imp (D:8)
  An ufetubus (D:6)
  A worm (D:4)
  An endoplasm (D:4)
  10 orcs
  A hobgoblin (D:10)
  A goblin zombie (D:10)
  2 kobolds (D:9)
  31 fungi
  75 plants
174 creatures vanquished.

Grand Total: 479 creatures vanquished

Notes
Turn   | Place    | Note
-------+----------+-------------------------------------------
     0 | D:1      | Morbidden the Troll Fighter began the quest for the Orb.
     0 | D:1      | Reached XP level 1. HP: 22/22 MP: 0/0
   159 | D:1      | Reached XP level 2. HP: 27/29 MP: 1/1
   351 | D:1      | Reached XP level 3. HP: 33/36 MP: 2/2
  1374 | D:2      | Found a faded altar of an unknown god.
  1379 | D:2      | Reached XP level 4. HP: 42/44 MP: 3/3
  1382 | D:2      | Prayed at the altar of an unknown god.
  1382 | D:2      | Became a worshipper of Jiyva Joff the Shapeless
  1382 | D:2      | Reached * piety under Jiyva
  2088 | D:3      | Reached ** piety under Jiyva
  2134 | D:3      | Noticed a necrophage
  2147 | D:3      | Killed a necrophage
  2148 | D:3      | Reached skill level 3 in Unarmed Combat
  2148 | D:3      | Reached XP level 5. HP: 50/52 MP: 4/4
  2678 | D:4      | Noticed an ogre
  2680 | D:4      | Noticed a water moccasin
  2705 | D:4      | Killed a water moccasin
  2706 | D:4      | Reached XP level 6. HP: 11/61 MP: 4/6
  2719 | D:4      | Reached skill level 1 in Spellcasting
  2734 | D:4      | Reached skill level 4 in Unarmed Combat
  2827 | D:4      | Found a hazy altar of Hepliaklqana.
  2853 | D:4      | Reached XP level 7. HP: 65/67 MP: 7/7
  2867 | D:4      | Reached *** piety under Jiyva
  2997 | D:4      | Found a white marble altar of Elyvilon.
  3004 | D:4      | Reached skill level 5 in Unarmed Combat
  3192 | D:4      | Gained mutation: You are covered in slimy tendrils that may
                  | disarm your opponents. [Jiyva's grace]
  3192 | D:4      | Gained mutation: Your spells are a little harder to cast,
                  | but a little more powerful. [Jiyva's grace]
  3192 | D:4      | Gained mutation: Your spells are harder to cast, but more
                  | powerful. [Jiyva's grace]
  3192 | D:4      | Gained mutation: Your spells are much harder to cast, but
                  | much more powerful. [Jiyva's grace]
  3200 | D:4      | Found a sacrificial altar of Ru.
  3207 | D:4      | Found a staircase to the Ecumenical Temple.
  3246 | D:4      | Reached **** piety under Jiyva
  3646 | D:5      | Entered Level 5 of the Dungeon
  3712 | D:5      | Reached skill level 6 in Unarmed Combat
  3712 | D:5      | Reached XP level 8. HP: 66/75 MP: 9/9
  3830 | D:5      | Reached ***** piety under Jiyva
  4074 | D:5      | Found a snail-covered altar of Cheibriados.
  4183 | D:6      | Reached skill level 7 in Unarmed Combat
  4294 | D:6      | Reached skill level 1 in Stealth
  4333 | D:6      | Found an opulent altar of Gozag.
  4373 | D:6      | Found a blossoming altar of Fedhas.
  4539 | D:6      | Reached skill level 5 in Dodging
  4539 | D:6      | Reached XP level 9. HP: 84/84 MP: 11/11
  4616 | D:6      | Gained mutation: You have a small jelly attached to you
                  | that may absorb projectiles. [Jiyva's grace]
  4616 | D:6      | Gained mutation: You are partially covered in iridescent
                  | scales. (AC +2) [Jiyva's grace]
  4616 | D:6      | Gained mutation: You are mostly covered in iridescent
                  | scales. (AC +4) [Jiyva's grace]
  4616 | D:6      | Gained mutation: You are completely covered in iridescent
                  | scales. (AC +6) [Jiyva's grace]
  4947 | D:7      | Reached skill level 8 in Unarmed Combat
  5652 | D:7      | Reached ****** piety under Jiyva
  5868 | D:8      | Found an iron altar of Okawaru.
  6012 | D:8      | Reached skill level 9 in Unarmed Combat
  6054 | D:8      | Found a broken altar of Ashenzari.
  6131 | D:8      | Found a hide-covered altar of Uskayaw.
  6476 | D:9      | Reached skill level 10 in Unarmed Combat
  6506 | D:9      | Reached skill level 5 in Shields
  6506 | D:9      | Reached XP level 10. HP: 94/94 MP: 13/13
  6514 | D:9      | Noticed Psyche
  6522 | D:9      | Killed Psyche
  6537 | D:9      | Found a stormy altar of Qazlal.
  6624 | D:9      | Lost mutation: You are completely covered in iridescent
                  | scales. (AC +6) [Jiyva's grace]
  6624 | D:9      | Lost mutation: Your spells are much harder to cast, but
                  | much more powerful. [Jiyva's grace]
  6624 | D:9      | Lost mutation: You are covered in slimy tendrils that may
                  | disarm your opponents. [Jiyva's grace]
  6624 | D:9      | Gained mutation: You are completely covered in iridescent
                  | scales. (AC +6) [Jiyva's grace]
  6624 | D:9      | Gained mutation: You have a small jelly attached to you
                  | that senses nearby items. [Jiyva's grace]
  6624 | D:9      | Gained mutation: A frigid envelope surrounds you and
                  | freezes all who hurt you. [Jiyva's grace]
  6624 | D:9      | Gained mutation: You have a pair of small antennae on your
                  | head. [Jiyva's grace]
  6766 | D:9      | Found a staircase to the Lair.
  6862 | D:9      | Found a bloodstained altar of Trog.
  6899 | D:10     | Entered Level 10 of the Dungeon
  7063 | D:10     | Identified a scroll of acquirement
  7063 | D:10     | Acquired a manual of Fighting
  7085 | D:10     | Found a staircase to the Orcish Mines.
  7102 | D:10     | Reached skill level 11 in Unarmed Combat
  7160 | D:10     | Noticed Fannar
  7181 | D:10     | Killed Fannar
  7213 | D:10     | Found a flagged portal.
  7239 | Bailey   | Entered a bailey
  7295 | Bailey   | Reached skill level 5 in Fighting
  7330 | Bailey   | Found an iron altar of Okawaru.
  7336 | Bailey   | Reached skill level 12 in Unarmed Combat
  7350 | Bailey   | Identified the +0 cloak of the Morning Star {rPois Stlth+}
  7563 | D:10     | Found a shimmering blue altar of Sif Muna.
  7811 | D:10     | Found a glowing silver altar of Zin.
  7925 | D:11     | Noticed a purple ugly thing
  7935 | D:11     | Killed a purple ugly thing
  7936 | D:11     | Reached skill level 1 in Throwing
  7969 | D:11     | Noticed a red ugly thing
  7979 | D:11     | Killed a red ugly thing
  7980 | D:11     | Reached XP level 11. HP: 42/104 MP: 14/14
  8056 | D:11     | Lost mutation: Your spells are harder to cast, but more
                  | powerful. [Jiyva's grace]
  8056 | D:11     | Gained mutation: Your rubbery body absorbs attacks. (AC +1,
                  | EV +1) [Jiyva's grace]
  8056 | D:11     | Gained mutation: Your pliable body absorbs attacks. (AC +2,
                  | EV +2) [Jiyva's grace]
  8056 | D:11     | Gained mutation: Your gelatinous body deflects attacks. (AC
                  | +3, EV +3) [Jiyva's grace]
  8056 | D:11     | Gained mutation: Your spells are harder to cast, but more
                  | powerful. [Jiyva's grace]
  8063 | D:11     | Noticed Nergalle
  8073 | D:11     | Killed Nergalle
  8215 | D:11     | Noticed a two-headed ogre
  8223 | D:11     | Killed a two-headed ogre
  8234 | D:11     | Noticed a boulder beetle
  8247 | D:11     | Killed a boulder beetle
  8248 | D:11     | Noticed Amaemon
  8260 | D:11     | Killed Amaemon
  8322 | D:11     | Noticed a two-headed ogre
  8330 | D:11     | Killed a two-headed ogre
  8699 | Lair:1   | Entered Level 1 of the Lair of Beasts
  8740 | Lair:1   | Reached skill level 13 in Unarmed Combat
  8745 | Lair:1   | Noticed an eight-headed hydra
  8752 | Lair:1   | Killed a ten-headed hydra
  9410 | Lair:2   | Lost mutation: You are completely covered in iridescent
                  | scales. (AC +6) [Jiyva's grace]
  9410 | Lair:2   | Lost mutation: Your gelatinous body deflects attacks. (AC
                  | +3, EV +3) [Jiyva's grace]
  9410 | Lair:2   | Lost mutation: Your pliable body absorbs attacks. (AC +2,
                  | EV +2) [Jiyva's grace]
  9410 | Lair:2   | Gained mutation: You possess an exceptional clarity of
                  | mind. [Jiyva's grace]
  9410 | Lair:2   | Gained mutation: You are strong-willed. (Will+) [Jiyva's
                  | grace]
  9410 | Lair:2   | Gained mutation: You are highly strong-willed. (Will++)
                  | [Jiyva's grace]
  9410 | Lair:2   | Gained mutation: You are extremely strong-willed. (Will+++)
                  | [Jiyva's grace]
  9412 | Lair:2   | Found a hole to the Spider Nest.
  9818 | Lair:2   | Reached XP level 12. HP: 111/115 MP: 16/16
 10106 | Lair:2   | Learned a level 2 spell: Scorch
 10293 | Lair:3   | Reached skill level 14 in Unarmed Combat
 10614 | Lair:3   | Lost mutation: You are mostly covered in iridescent scales.
                  | (AC +4) [Jiyva's grace]
 10614 | Lair:3   | Lost mutation: You are partially covered in iridescent
                  | scales. (AC +2) [Jiyva's grace]
 10614 | Lair:3   | Lost mutation: You are extremely strong-willed. (Will+++)
                  | [Jiyva's grace]
 10614 | Lair:3   | Lost mutation: Your rubbery body absorbs attacks. (AC +1,
                  | EV +1) [Jiyva's grace]
 10614 | Lair:3   | Gained mutation: You have acidic saliva. [Jiyva's grace]
 10614 | Lair:3   | Gained mutation: You are covered in slimy tendrils that may
                  | disarm your opponents. [Jiyva's grace]
 10614 | Lair:3   | Gained mutation: You have hidden genetic potential.
                  | [Jiyva's grace]
 10614 | Lair:3   | Gained mutation: You have great hidden genetic potential.
                  | [Jiyva's grace]
 10652 | Lair:3   | Noticed Snorg
 10664 | Lair:3   | Slain by Snorg

Illustrated notes

Levels and vault maps discovered:
D:1:      minmay_arrival_four_houses, layout_basic, minmay_pentomino_s2
D:2:      layout_loops_corners, hellmonk_ecumenical_altar_heavens_door
D:3:      layout_loops_corners, minivault_27
D:4:      minmay_thinvault, layout_gridville, mainiacjoe_overflow_tiny_flanked,
          hangedman_ru_absence, mainiacjoe_overflow_boulevard,
          minmay_temple_entry_statues_pillars
D:5:      layout_cave_pools, slow_altar_2
D:6:      layout_loops_ring, fedhas_bush_and_centaur_altar,
          grunt_gozag_breadcrumbs
D:7:      layout_layer_cave
D:8:      layout_rooms, evilmike_ruin_ashenzari, mainiacjoe_overflow_alcove_2,
          nicolae_uskayaw_dance_hall
D:9:      layout_cave_pools, mainiacjoe_overflow_alcove_1,
          nicolae_qazlal_general_emergency, grunt_lair_entry_orc_guard_hut,
          corexii_leaking_fountain, minmay_misc_feat_columns, uniq_psyche
D:10:     layout_basic, led_sif_pool, lemuel_round_altar, zombieorc2_lemuel,
          enter_bailey_4, chequers_serial_rivers_large_a, uniq_fannar
D:11:     layout_gridville, dk_noncrumbling_4, uniq_amaemon, uniq_nergalle
Lair:1:   layout_roguey, serial_bayou_shore_b
Lair:2:   minmay_lair_oklob_chamber, layout_cave_pods,
          nicolae_spider_entry_non_spiders
Lair:3:   layout_cave_pods, serial_bayou_lagoon_a, serial_bayou_lagoon_b,
          infiniplex_staircase_pool, uniq_snorg, uniq_gastronok, uniq_rupert

Skill      XL: |  1  2  3  4  5  6  7  8  9 10 11 12 |
---------------+-------------------------------------+-----
Shields        | 3 4 5 6 |  6.3
Dodging        | 3 4 5 6 7 |  7.6
Unarmed Combat | 3 4 6 7 10 12 13 14 | 14.1
Fighting       | 3 4 5 6 |  6.7
Spellcasting   | 1 2 3 |  3.9
Stealth        | 1 |  1.9
Throwing       | 1 3 |  3.3
Fire Magic     | |  0.5

Action                   |  1- 3 |  4- 6 |  7- 9 | 10-12 || total
-------------------------+-------+-------+-------+-------++-------
Melee: Unarmed           |   136 |    65 |   276 |   393 ||   870
       Punch             |     3 |     2 |     4 |    33 ||    42
       Bite              |       |       |       |     1 ||     1
Throw: Boomerang         |       |       |       |     3 ||     3
 Cast: Scorch            |       |       |       |     2 ||     2
Invok: Oozemancy         |       |       |       |     2 ||     2
       Slimify           |       |       |       |     1 ||     1
  Use: Potion            |       |     6 |       |       ||     6
       Scroll            |       |     7 |     1 |     7 ||    15
 Stab: Sleeping          |       |       |     2 |     6 ||     8
       Distracted        |       |       |       |     1 ||     1
Armor: Robe              |    61 |    17 |    81 |   127 ||   286
Dodge: Dodged            |    75 |    47 |   202 |   241 ||   565
Block: Other             |       |       |    56 |    77 ||   133
       Reflection        |       |       |     6 |     5 ||    11

Table legend: (Time is in decaauts)
 A = Elapsed time spent in this place.
 B = Non-inter-level travel time spent in this place.
 C = Inter-level travel time spent in this place.
 D = Time resting spent in this place.
 E = Time spent auto-exploring this place.
 F = Levels seen in this place.
 G = Mean time per level.
                   A        B        C        D        E       F      G
               +--------+--------+--------+--------+--------+-----+--------+
         Total |  10597 |  10233 |    364 |     22 |   7858 |  15 |  706.5 |
       Dungeon |   8454 |   8138 |    316 |     22 |   6274 |  11 |  768.5 |
          Lair |   1943 |   1896 |     47 |      0 |   1534 |   3 |  647.7 |
        Bailey |    199 |    199 |      0 |      0 |     49 |   1 |  199.0 |
               +--------+--------+--------+--------+--------+-----+--------+

Top non-repeatable levels by time:
     D:4: 987 daAuts
     D:2: 966 daAuts
     D:7: 942 daAuts
     D:3: 931 daAuts
  Lair:2: 887 daAuts
    D:10: 860 daAuts
     D:6: 747 daAuts
     D:1: 744 daAuts
    D:11: 717 daAuts
  Lair:1: 593 daAuts
     D:9: 570 daAuts
     D:8: 494 daAuts
     D:5: 491 daAuts
  Lair:3: 462 daAuts
  Bailey: 199 daAuts
